 Dungeon Crawl Stone Soup version 0.17-a0-77-gee7a2f2 (console) character file.

240985 MrRokkomies the Brawler (level 18, -19/210 HPs)
             Began as a Troll Chaos Knight on Mar 11, 2015.
             Demolished by a spriggan defender
             ... wielding a +2 lajatang of speed
              (42 damage)
             ... on level 1 of the Vaults on Mar 14, 2015.
             The game lasted 03:32:06 (38971 turns).

MrRokkomies the Brawler (Troll Chaos Knight)       Turns: 38971, Time: 03:32:08

Health: -19/210    AC: 15    Str: 25    XL:     18   Next: 63%
Magic:  27/27      EV: 13    Int: 12    God:    Xom [.*....]
Gold:   3539       SH: 20    Dex: 13    Spells: 3 memorised, 11 levels left

rFire  . . .     SeeInvis .       - Unarmed
rCold  + . .     Clarity  .     N - +1 mottled dragon armour
rNeg   . . .     SustAb   .     F - +0 large shield
rPois  .         Gourm    +     H - +2 hat
rElec  +         Spirit   .     j - +2 cloak of Relativism {Dex-2 Slay+4}
rCorr  .         Warding  .     (gloves unavailable)
rMut   .         Stasis   .     (boots unavailable)
MR     +++..                    (no amulet)
Stlth  +.........               e - ring of protection from cold
                                Z - ring of protection from magic

@: extremely resistant to hostile enchantments, very unstealthy
A: unfitting armour, claws 3, hooves 1, thin metallic scales 1, clever 2,
deformed body, fast metabolism 3, gourmand, magic resistance 1, regeneration 2,
robust 1, screaming 1, shaggy fur 2, electricity resistance, tough skin 2
a: Renounce Religion
}: 2/15 runes: barnacled, gossamer


You were on level 1 of the Vaults.
You worshipped Xom.
You were a plaything of Xom.
You were full.

You visited 6 branches of the dungeon, and saw 38 of its levels.
You also visited: Sewer, Bailey, Ice Cave and Volcano.

You collected 4755 gold pieces.
You spent 1172 gold pieces at shops.

Inventory:

Hand weapons
 b - a +4 blowgun
Missiles
 w - 9 throwing nets
 Q - 8 curare-tipped needles
 U - 8 large rocks (quivered)
Armour
 j - the +2 cloak of Relativism (worn) {Dex-2 Slay+4}
   (You found it on level 1 of the Spider Nest)

   It affects your dexterity (-2).
   It affects your accuracy and damage with ranged weapons and melee attacks
   (+4).
 F - a +0 large shield (worn)
 H - a +2 hat (worn)
 N - a +1 mottled dragon armour (worn)
Rods
 W - a -3 iron rod (12/12)
   (You found it on level 7 of the Lair of Beasts)
 X - a +8 rod of inaccuracy (12/12)
   (You acquired it on level 8 of the Dungeon)
Jewellery
 c - an uncursed ring of see invisible
 e - a ring of protection from cold (right claw)
 D - an uncursed ring of protection from fire
 E - an uncursed ring of poison resistance
 G - an uncursed ring of teleport control
 Z - a ring of protection from magic (left claw)
Magical devices
 d - a wand of fire (13)
 l - a wand of draining (4)
 n - a wand of disintegration (6)
 o - a wand of cold (9)
 p - a wand of paralysis (10)
 J - a wand of digging (12)
 M - a wand of lightning (7)
 P - a wand of heal wounds (0)
Scrolls
 h - a scroll of magic mapping
 i - 6 scrolls of identify
 m - a scroll of immolation
 t - 16 scrolls of remove curse
 y - 2 scrolls of fog
 K - 3 scrolls of teleportation
Potions
 r - a potion of resistance
 u - 9 potions of agility
 v - 5 potions of cancellation
 C - 3 potions of haste
 L - 7 potions of curing
 O - 4 potions of might
Miscellaneous
 f - a fan of gales (inert)
 k - a lamp of fire
 s - an ornate deck of war {drawn: 4}
 z - a plain deck of defence {drawn: 4}
 R - a sack of spiders {used: 2}
 Y - a legendary deck of summoning {drawn: 3}
Comestibles
 a - 18 meat rations
 g - 11 bread rations
 x - 32 fruits
 B - 9 beef jerkies


   Skills:
 * Level 14.6 Fighting
 - Level 10.1 Throwing
 - Level 1.5 Armour
 - Level 9.0 Dodging
 * Level 14.7 Shields
 - Level 15.0 Unarmed Combat
 - Level 10.0 Evocations


You had 11 spell levels left.
You knew the following spells:

 Your Spells              Type           Power        Failure   Level  Hunger
a - Repel Missiles        Chrm/Air       #.....       69%         2    ###....
b - Blink                 Tloc           N/A          69%         2    ###....
c - Swiftness             Chrm/Air       #.......     69%         2    ###....


Dungeon Overview and Level Annotations

Branches:
Dungeon (15/15)            Temple (0/1) D:4            Lair (8/8) D:11
 Shoals (5/5) Lair:4       Spider (5/5) Lair:3        Slime (0/6) Lair:6
    Orc (4/4) D:10            Elf (0/3) Orc:4        Vaults (1/5) D:14
 Depths (0/5) D:15

Altars:
Cheibriados
Elyvilon
Kikubaaqudgha
Okawaru
Ru
Trog
Vehumet
Xom
The Shining One
Beogh
Jiyva

Shops:
D:4 %   D:5 *   D:9 !   Orc:4 [(=?

Annotations:
D:11 1 runed door


Innate Abilities, Weirdness & Mutations

You are too large for most types of armour.
You have claws for hands.
Your metabolism is lightning-fast.
You like to eat raw meat.
You heal very quickly.
You are covered in thick fur (AC +2).
You have very tough skin (AC +2).
You have large cloven feet.
You are partially covered in thin metallic scales (AC +2).
Your mind is very acute. (Int +4)
Armour fits poorly on your strangely shaped body.
You are resistant to hostile enchantments.
You are robust (+10% HP).
You occasionally shout uncontrollably at your foes.
You are resistant to electric shocks.


Message History

Your trapdoor spider bites the boulder beetle!
You miss the spriggan defender. Your kick misses the spriggan defender.
The spriggan defender is moderately wounded.
Your air elemental completely misses the spriggan defender.
You block the spriggan defender's attack.
Your trapdoor spider bites the boulder beetle but does no damage.
The boulder beetle is engulfed in noxious fumes.
The boulder beetle appears confused.
The boulder beetle bites your trapdoor spider!!!
Your trapdoor spider is killed!
Your trapdoor spider's corpse disappears in a puff of smoke!
Your air elemental misses the spriggan defender.
You claw the spriggan defender!
The spriggan defender begins to bleed from its wounds!
Your kick misses the spriggan defender.
The spriggan defender is heavily wounded.
Your air elemental misses the spriggan defender.
The spriggan defender hits you with a lajatang of speed!!!
You die...
Xom titters!

. .... ..... ...
...... .....
....... ...
.......
########B......
#§^§Ei@#.......#
#§§§..)§B§§..).#
#......#.o§....#
#......#§§§....
#.....c#.......
#......#.......
#......#......
#......#.....
#......#......


You could see a boulder beetle (confused), a spriggan defender (bleeding), a
yaktaur (fleeing), an orc (fleeing) and a friendly air elemental.

Vanquished Creatures
  Arachne (Spider:5)
  The ghost of braks the Ogre Mage, a mighty OgWz of Ashenzari (Spider:2)
  2 krakens
  Roxanne (Shoals:4)
  Ilsuiw (Shoals:5)
  Wiglaf (Spider:3)
  Maud (Spider:1)
  The ghost of braks the Epochal, a powerful FoFi of Cheibriados (Lair:8)
  6 ghost moths
  A frost giant (D:15)
  3 emperor scorpions (Spider:5)
  Jorgrun (Shoals:4)
  An ironheart preserver (Vaults:1)
  A vampire knight (Vaults:1)
  Azrael (Spider:1)
  5 merfolk javelineers (Shoals:5)
  The ghost of Ladykiller69 the Cleaver, a powerful FoFi of Cheibriados (IceCv)
  Josephine (D:10)
  A merfolk impaler (Shoals:5)
  2 centaur warriors
  Harold (D:11)
  Nessos (Orc:3)
  4 merfolk aquamancers
  An ice dragon (Orc:4)
  A satyr (Shoals:5)
  6 hydras
  Erica (D:10)
  5 alligator snapping turtles
  2 merfolk avatars
  5 catoblepae
  The ghost of wojtek the Slicer, a powerful KoAs of Makhleb (Volcano)
  2 alligators (Shoals:1)
  3 orc high priests (Orc:4)
  An ogre mage (Vaults:1)
  13 death yaks (Lair:8)
  Urug (Shoals:1)
  Nergalle (Orc:2)
  Erolcha (D:13)
  A fire crab (Lair:7)
  A giant orange brain (shapeshifter) (Shoals:5)
  10 sea snakes
  4 unseen horrors
  4 ice statues
  An ironbrand convoker (Vaults:1)
  18 orb spiders
  A mana viper (D:15)
  8 hill giants
  2 wolf spider zombies (D:15)
  14 griffons
  A sixfirhy (Orc:4)
  13 ugly things
  6 statues (Volcano)
  11 manticores
  10 harpies
  3 orc sorcerers (Orc:4)
  4 water nymphs
  7 cyclopes
  7 orc knights
  6 hornets
  2 moths of wrath
  3 centaur zombies
  12 sirens
  A black mamba (Lair:5)
  Maurice (Orc:2)
  2 toenail golems (Volcano)
  3 gargoyles
  12 spiny frogs
  4 komodo dragons
  A fire drake (Lair:4)
  2 tengu conjurers (D:15)
  2 efreet
  12 demonic crawlers
  36 jumping spiders
  A blue devil (Orc:4)
  5 trolls
  A queen bee (Spider:2)
  Sonja (D:13)
  26 wolf spiders
  A polar bear (shapeshifter) (D:13)
  4 polar bears
  4 wind drakes
  26 merfolk
  7 slime creatures
  8 snapping turtles
  3 two-headed ogres
  20 blink frogs
  3 basilisks
  6 ravens (D:15)
  4 boulder beetles
  A trapdoor spider zombie (D:14)
  A centaur simulacrum (D:14)
  16 trapdoor spiders
  A spriggan (D:7)
  2 wyverns
  4 wraiths (D:10)
  A ynoxinul (Lair:4)
  15 water elementals
  2 deep elf magi
  36 redbacks
  38 yaks
  39 wolves
  4 fire elementals (Spider:1)
  2 fire bats (Volcano)
  15 hippogriffs
  Grum (D:11)
  3 mottled dragons
  A shadow (D:15)
  23 tarantellas
  A deep elf fighter (D:11)
  5 vampire mosquitoes
  A hungry ghost (D:11)
  9 swamp worms (Spider:2)
  A steam dragon (Lair:3)
  A soldier ant (D:11)
  Menkaure (D:6)
  20 water moccasins
  4 wargs
  A wasp (D:7)
  A spatial vortex (Spider:4)
  2 hell hounds (Spider:1)
  32 orc warriors
  2 sky beasts
  22 spiders
  3 eyes of draining
  2 black bears
  14 ice beasts
  7 porcupines
  A tengu (D:6)
  A big kobold (D:11)
  7 centaurs
  17 ogres
  17 crocodiles
  A brain worm (Spider:2)
  3 boring beetles
  13 giant frogs
  A wyvern zombie (D:14)
  7 scorpions
  28 killer bees
  A water moccasin skeleton (D:6)
  5 electric eels
  18 wights
  6 lava snakes (Volcano)
  4 crimson imps
  A giant frog zombie (D:12)
  3 quasits (Lair:1)
  3 goliath beetles
  14 hounds
  35 orc priests
  2 jellies
  38 orc wizards
  12 worker ants
  4 centaur skeletons
  10 iguanas
  4 iron imps (Lair:4)
  3 giant frog skeletons
  A gnoll shaman (D:6)
  Natasha (thrice) (D:6)
  16 sheep
  Ijyb (D:6)
  A hound zombie (D:10)
  2 worker ant zombies
  20 adders
  22 gnolls
  58 river rats
  6 shadow imps
  6 giant mites
  2 ufetubi
  13 worms
  An adder skeleton (D:6)
  7 giant geckos
  195 orcs
  5 ball pythons (Sewer)
  3 bat skeletons
  10 giant cockroaches
  17 goblins
  28 hobgoblins
  22 kobolds
  11 quokkas
  20 bats
  14 giant newts
  A giant spore (D:14)
  25 jackals
  A jackal zombie (D:7)
  A quokka skeleton (D:4)
  A quokka zombie (D:6)
  27 rats
  10 ballistomycetes
  A fungus (Lair:7)
  2 plants (Spider:2)
  3 tentacles
  A tentacle segment (Shoals:4)
1578 creatures vanquished.

Vanquished Creatures (collateral kills)
  An ogre mage (D:14)
  A hydra (Lair:5)
  3 death yaks (Lair:7)
  A hill giant (D:15)
  2 ugly things (D:15)
  A wolf spider (Spider:5)
  2 orb spiders (Spider:5)
  A griffon (Shoals:1)
  A harpy (Shoals:5)
  A cyclops (D:15)
  A siren (Shoals:1)
  A centaur skeleton (D:15)
  A jumping spider (Spider:5)
  A merfolk (Shoals:5)
  A blink frog (Lair:5)
  2 two-headed ogres (D:14)
  A redback (Spider:5)
  A phantom (D:8)
  2 orc warriors
  A sky beast (D:6)
  An eye of draining (D:15)
  An ogre (D:13)
  A centaur (D:13)
  2 killer bees (D:7)
  A hound (Lair:5)
  A crimson imp (D:15)
  An orc wizard (D:7)
  An adder (Lair:5)
  9 orcs
  A bat (Shoals:1)
45 creatures vanquished.

Vanquished Creatures (others)
  A very ugly thing (Spider:5)
  A dancing weapon (Shoals:5)
  A harpy (Shoals:5)
  A wolf spider (Spider:5)
  A sixfirhy (Spider:5)
  2 rust devils
  A tarantella (Spider:2)
  2 ball lightnings (Orc:1)
  A trapdoor spider (Vaults:1)
  A wolf (Lair:5)
  A hell hound (Spider:5)
  An orc warrior (D:11)
  A crocodile (Lair:7)
  3 crimson imps
  6 quasits
  8 iron imps
  An orc wizard (D:8)
  4 shadow imps
  5 white imps
  5 ufetubi
  2 giant spores
  2 butterflies
  4 fungi
  A plant (Lair:1)
  9 tentacles
  229 tentacle segments
294 creatures vanquished.

Grand Total: 1917 creatures vanquished

Notes
Turn   | Place    | Note
--------------------------------------------------------------
     0 | D:1      | MrRokkomies, the Troll Chaos Knight, began the quest for the Orb.
     0 | D:1      | Reached XP level 1. HP: 22/22 MP: 1/1
   123 | D:1      | Reached XP level 2. HP: 29/29 MP: 1/1
   192 | D:1      | XOM: silly message
   605 | D:2      | Reached XP level 3. HP: 33/37 MP: 2/2
   726 | D:2      | Learned a level 2 spell: Repel Missiles
   937 | D:2      | XOM: silly message
   949 | D:2      | Reached skill level 4 in Unarmed Combat
  1007 | D:2      | XOM: summons 1 hostile demon
  1008 | D:2      | Noticed a red devil
  1472 | D:3      | Reached XP level 4. HP: 45/45 MP: 2/2
  1644 | D:3      | XOM: torment (24/45 hp)
  1690 | D:3      | XOM: harmless Necr miscast
  1825 | D:2      | Found a shimmering altar of Xom.
  1832 | D:2      | Found a snail-covered altar of Cheibriados.
  1837 | D:2      | Found a white marble altar of Elyvilon.
  1844 | D:2      | Found a bloodstained altar of Trog.
  1849 | D:2      | Found a sacrificial altar of Ru.
  1856 | D:2      | Found a glowing golden altar of the Shining One.
  1861 | D:2      | Found an iron altar of Okawaru.
  1919 | D:2      | XOM: medium Fire miscast
  2227 | D:4      | Found Thamem's Food Shoppe.
  2232 | D:4      | Found a staircase to the Ecumenical Temple.
  2232 | D:4      | Found a glowing drain.
  2232 | D:4      | XOM: 4-stop teleportation journey
  2263 | Sewer    | Entered a sewer
  2524 | Sewer    | XOM: summons 3 hostile shadow creatures
  2525 | Sewer    | XOM: torment (24/46 hp)
  2885 | D:4      | Reached XP level 5. HP: 50/53 MP: 2/2
  3071 | D:4      | Reached skill level 5 in Unarmed Combat
  3128 | D:4      | XOM: give mutations
  3128 | D:4      | Gained mutation: You are partially covered in icy blue scales (AC +1). [Xom's mischief]
  3128 | D:4      | Gained mutation: You tend to lose your temper in combat. [Xom's mischief]
  3128 | D:4      | Gained mutation: You are frail (-10% HP). [Xom's mischief]
  3630 | D:4      | XOM: summons 5 hostile shadow creatures
  3704 | D:4      | XOM: enchant monster (good)
  3706 | D:4      | Reached skill level 1 in Shields
  3707 | D:4      | Reached XP level 6. HP: 45/54 MP: 3/3
  3720 | D:4      | XOM: medium Ice miscast
  3847 | D:4      | XOM: harmless Necr miscast
  3877 | D:5      | Entered Level 5 of the Dungeon
  4072 | D:5      | Reached skill level 6 in Unarmed Combat
  4109 | D:5      | XOM: harmless Ice miscast
  4222 | D:5      | Found Gashain's Assorted Antiques.
  4234 | D:5      | Bought a scroll labeled XUSHRARI SHAHY for 31 gold pieces
  4308 | D:5      | Reached XP level 7. HP: 54/60 MP: 3/3
  4468 | D:5      | XOM: harmless Conj miscast
  4627 | D:5      | XOM is BORED!
  4627 | D:5      | XOM: medium Chrm miscast
  4749 | D:6      | Noticed Menkaure
  4760 | D:6      | Killed Menkaure
  4772 | D:6      | Reached skill level 7 in Unarmed Combat
  4795 | D:6      | XOM: 3-stop teleportation journey
  4887 | D:6      | Noticed Ijyb
  4897 | D:6      | Killed Ijyb
  4957 | D:6      | XOM: enchant monster (good)
  5040 | D:6      | Reached XP level 8. HP: 68/68 MP: 3/3
  5079 | D:6      | XOM: give mutations
  5079 | D:6      | Gained mutation: You have large cloven feet. [Xom's grace]
  5079 | D:6      | Gained mutation: You evolve. [Xom's grace]
  5079 | D:6      | Gained mutation: You are resistant to hostile enchantments. [Xom's grace]
  5079 | D:6      | Gained mutation: You are covered in thick fur (AC +2). [Xom's grace]
  5154 | D:6      | Noticed Natasha
  5163 | D:6      | Killed Natasha
  5266 | D:6      | Reached skill level 5 in Shields
  5274 | D:6      | XOM: polymorph ball python -> goblin
  5426 | D:6      | Reached skill level 8 in Unarmed Combat
  5455 | D:6      | Noticed Natasha
  5461 | D:6      | Killed Natasha
  5476 | D:6      | Noticed Natasha
  5481 | D:6      | Killed Natasha
  5673 | D:6      | XOM: polymorph ice beast -> tengu
  5726 | D:6      | XOM: summons 4 friendly demons
  5945 | D:6      | XOM: vitrification
  6182 | D:7      | XOM: cast spell 'Summon Small Mammal'
  6192 | D:7      | Reached XP level 9. HP: 56/74 MP: 4/4
  6207 | D:7      | XOM: polymorph quokka -> goblin
  6231 | D:7      | XOM: god gift: 42 gold pieces
  6279 | D:7      | Reached skill level 9 in Unarmed Combat
  6341 | D:7      | XOM: colour smoke trail
  6353 | D:7      | XOM: confusion
  6368 | D:7      | XOM: noise
  6374 | D:7      | XOM: enchant monster (good)
  6424 | D:7      | Lost mutation: You are frail (-10% HP). [evolution]
  6424 | D:7      | Lost mutation: You evolve. [end of evolution]
  6585 | D:7      | XOM: severe Divn miscast
  6641 | D:7      | Gained mutation: Your flesh is cold resistant. [potion of beneficial mutation]
  6672 | D:7      | Learned a level 2 spell: Blink
  6820 | D:8      | Noticed a hill giant
  6825 | D:8      | Killed a hill giant
  6826 | D:8      | XOM: god gift: glowing great sword {god gift}
  6839 | D:8      | XOM: divination: detect items
  6846 | D:8      | Reached skill level 10 in Unarmed Combat
  7018 | D:8      | XOM: fake destruction
  7020 | D:8      | XOM: summons 9 friendly demons
  7152 | D:8      | XOM: cast spell 'Stoneskin'
  7155 | D:8      | XOM: 1-stop teleportation journey
  7172 | D:8      | XOM: summons 6 friendly demons
  7187 | D:8      | Reached XP level 10. HP: 81/91 MP: 4/4
  7349 | D:8      | XOM: polymorph mottled dragon -> worm
  7497 | D:8      | Identified a scroll of acquirement
  7499 | D:8      | Identified a +8 rod of inaccuracy (12/12) (You acquired it on level 8 of the Dungeon)
  7654 | D:8      | XOM: vitrification
  7963 | D:9      | XOM: destruction
  8071 | D:9      | XOM: god gift: falchion {god gift}
  8193 | D:9      | Found Blimil Huav's Distillery.
  8208 | D:9      | XOM: polymorph orc -> giant mite
  8429 | D:10     | Entered Level 10 of the Dungeon
  8525 | D:10     | Noticed Josephine
  8529 | D:10     | XOM: smoke on damage
  8535 | D:10     | XOM: confuse monster(s)
  8536 | D:10     | XOM: divination: magic mapping
  8549 | D:10     | Killed Josephine
  8549 | D:10     | Reached skill level 11 in Unarmed Combat
  8652 | D:10     | Found a staircase to the Orcish Mines.
  8652 | D:10     | XOM: 4-stop teleportation journey
  8666 | D:10     | XOM: silly message
  8684 | D:10     | XOM: polymorph something unseen -> iguana
  8686 | D:10     | XOM: harmless Air miscast
  8830 | D:10     | Noticed Erica
  8834 | D:10     | XOM: potion effect (brilliance)
  9062 | D:10     | XOM: confusion
  9070 | D:10     | Killed Erica
  9138 | D:10     | XOM: confusion
  9173 | D:11     | Noticed Grum
  9254 | D:10     | Reached skill level 10 in Shields
  9380 | D:11     | Reached XP level 11. HP: 97/97 MP: 4/4
  9381 | D:11     | Noticed Harold
  9391 | D:11     | Killed Harold
  9394 | D:11     | XOM: cast spell 'Confusing Touch'
  9404 | D:11     | Reached skill level 12 in Unarmed Combat
  9423 | D:11     | Noticed a hill giant
  9425 | D:11     | XOM: enchant monster (good)
  9429 | D:11     | XOM: mild Trmt miscast
  9431 | D:11     | XOM: mild Fire miscast
  9485 | D:11     | Killed Grum
  9488 | D:11     | Reached skill level 1 in Evocations
  9546 | D:11     | Found a flagged portal.
  9560 | Bailey   | Entered a bailey
 10040 | D:11     | XOM: chaos upgrade
 10151 | D:11     | Killed a hill giant
 10151 | D:11     | Reached skill level 5 in Fighting
 10287 | D:11     | Got an encrusted cloak
 10298 | D:11     | Identified the +0 cloak of the Onion {Slay+5} (You found it on level 11 of the Dungeon)
 10344 | D:11     | XOM: mild Air miscast
 10449 | D:11     | XOM: harmless Divn miscast
 10562 | D:11     | Found a runed door.
 10564 | D:11     | Found a runed door.
 10808 | D:11     | Found a staircase to the Lair.
 10819 | D:11     | XOM: summons 2 friendly demons
 10967 | Lair:1   | XOM: noise
 10967 | Lair:1   | Entered Level 1 of the Lair of Beasts
 10995 | Lair:1   | Reached skill level 5 in Dodging
 10995 | Lair:1   | Reached XP level 12. HP: 95/119 MP: 10/10
 11089 | Lair:1   | XOM: mild Hex miscast
 11145 | Lair:1   | XOM: colour smoke trail
 11183 | Lair:1   | XOM: harmless Ice miscast
 11491 | Lair:1   | Noticed a six-headed hydra
 11497 | Lair:1   | Killed a six-headed hydra
 11534 | Lair:1   | XOM: medium Fire miscast
 11536 | Lair:1   | Noticed an eight-headed hydra
 11539 | Lair:1   | Noticed a seven-headed hydra
 11555 | Lair:1   | XOM: potion effect (haste)
 11558 | Lair:1   | Killed an eight-headed hydra
 11602 | Lair:1   | Killed an eight-headed hydra
 11666 | Lair:1   | XOM: colour smoke trail
 11914 | Lair:1   | XOM: noise
 12146 | Lair:1   | Reached XP level 13. HP: 119/131 MP: 12/12
 12173 | Lair:1   | XOM: summons 4 hostile demons
 12372 | Lair:2   | XOM: harmless Summ miscast
 12622 | Lair:2   | XOM is BORED!
 12622 | Lair:2   | XOM: mild Trmt miscast
 13029 | Lair:2   | Reached skill level 10 in Fighting
 13245 | Lair:2   | XOM: give mutations
 13245 | Lair:2   | Gained mutation: You are partially covered in rugged brown scales (AC +1, +3% HP). [Xom's grace]
 13245 | Lair:2   | Gained mutation: You can translocate small distances at will. [Xom's grace]
 13497 | Lair:3   | XOM: enchant monster (bad)
 13567 | Lair:3   | Found a hole to the Spider Nest.
 13607 | Lair:3   | XOM: noise
 13622 | Lair:3   | XOM: potion effect (heal wounds)
 13663 | Lair:3   | XOM: vitrification
 14315 | Lair:4   | XOM: summons 4 friendly demons
 14388 | Lair:4   | Found a staircase to the Shoals.
 14399 | Lair:4   | XOM: polymorph merfolk -> cyclops
 14401 | Lair:4   | XOM: divination: detect items
 14624 | Lair:4   | XOM: summons 2 friendly demons
 14625 | Lair:4   | XOM: fog
 14627 | Lair:4   | XOM: enchant monster (good)
 14637 | Lair:4   | XOM: cast spell 'Statue Form'
 14673 | Lair:4   | XOM: confuse monster(s)
 14686 | Lair:4   | XOM: divination: detect items
 14816 | Lair:4   | XOM: divination: detect creatures
 14974 | Lair:4   | XOM: cast spell 'Flight'
 15019 | Lair:4   | XOM: summons 6 hostile demons
 15131 | Lair:5   | XOM: divine lightning
 15147 | Lair:5   | XOM: summons 13 friendly demons
 15201 | Lair:5   | XOM: 10-stop teleportation journey
 15324 | Lair:5   | XOM: summons 5 friendly demons
 15330 | Lair:5   | Reached skill level 1 in Throwing
 15451 | Lair:5   | XOM: give mutation
 15451 | Lair:5   | Gained mutation: Your system is resistant to poisons. [Xom's mischief]
 15645 | Lair:6   | XOM: confusion
 16035 | Lair:6   | XOM: divination: detect creatures
 16144 | Lair:6   | XOM: colour smoke trail
 16155 | Lair:6   | Reached skill level 5 in Evocations
 16318 | Lair:6   | Found a viscous altar of Jiyva.
 16318 | Lair:6   | Found a staircase to the Slime Pits.
 16342 | Lair:6   | XOM: god gift: paperback book {god gift}
 16347 | Lair:6   | Learned a level 2 spell: Swiftness
 16426 | Lair:6   | XOM: god gift: dagger {god gift}
 16523 | Lair:7   | XOM: divination: magic mapping
 16932 | Lair:7   | Reached XP level 14. HP: 147/147 MP: 18/18
 16960 | Lair:7   | XOM: god gift: legendary deck of cards {god gift}
 17451 | Lair:8   | Entered Level 8 of the Lair of Beasts
 17474 | Lair:8   | XOM: fake destruction
 17594 | Lair:8   | XOM: cast spell 'Olgreb's Toxic Radiance'
 17599 | Lair:8   | XOM: confuse monster(s)
 17603 | Lair:8   | Reached skill level 5 in Throwing
 17637 | Lair:8   | XOM: potion effect (agility)
 17704 | Lair:8   | Found a dark tunnel.
 17721 | Lair:8   | XOM: colour smoke trail
 17749 | Volcano  | Entered a volcano
 17808 | Volcano  | XOM: divination: detect creatures
 17832 | Volcano  | Noticed wojtek's ghost (powerful KoAs)
 17840 | Volcano  | XOM: enchant monster (good)
 17846 | Volcano  | Killed wojtek's ghost
 17854 | Volcano  | XOM: divination: detect creatures
 17995 | Volcano  | XOM: noise
 18040 | Volcano  | Found a shimmering altar of Xom.
 18265 | Lair:8   | XOM: smoke on damage
 18380 | Lair:8   | XOM: harmless Air miscast
 18420 | Lair:8   | XOM: potion effect (heal wounds)
 18853 | Lair:8   | XOM: mild Hex miscast
 18909 | Lair:8   | XOM: divination: detect creatures
 18922 | Lair:8   | XOM: potion effect (invisibility)
 19006 | Lair:8   | XOM: summons friendly ufetubus
 19319 | Lair:8   | XOM: mild Ice miscast
 19349 | Lair:8   | Noticed braks' ghost (powerful FoFi)
 19354 | Lair:8   | XOM: harmless Fire miscast
 19360 | Lair:8   | Killed braks' ghost
 19394 | Lair:8   | XOM: confuse monster(s)
 19709 | Lair:6   | XOM: silly message
 19824 | Lair:3   | XOM: cast spell 'Flight'
 19934 | Orc:1    | Entered Level 1 of the Orcish Mines
 19983 | Orc:1    | XOM: 1-stop teleportation journey
 19985 | Orc:1    | XOM: divination: magic mapping
 19992 | Orc:1    | XOM: cast spell 'Conjure Ball Lightning'
 20268 | Orc:1    | XOM: god gift: centaur barding {god gift}
 20388 | Orc:2    | Noticed Nergalle
 20399 | Orc:2    | Killed Nergalle
 20420 | Orc:2    | Found a radiant altar of Vehumet.
 20450 | Orc:2    | XOM: medium Erth miscast
 20586 | Orc:2    | XOM: medium Fire miscast
 20779 | Orc:2    | Noticed Maurice
 20791 | Orc:2    | Killed Maurice
 21254 | Orc:3    | Reached XP level 15. HP: 87/153 MP: 23/23
 21544 | Orc:3    | Noticed Nessos
 21556 | Orc:3    | Killed Nessos
 21927 | Orc:3    | XOM: cast spell 'Flight'
 21930 | Orc:4    | Entered Level 4 of the Orcish Mines
 21930 | Orc:4    | Found a staircase to the Elven Halls.
 21998 | Orc:4    | Found a frozen archway.
 22021 | Orc:4    | XOM: cast spell 'Summon Swarm'
 22076 | IceCv    | Entered an ice cave
 22079 | IceCv    | Noticed Ladykiller69's ghost (powerful FoFi)
 22093 | IceCv    | Killed Ladykiller69's ghost
 22249 | IceCv    | XOM: mild Hex miscast
 22477 | Orc:4    | XOM: summons friendly shadow imp
 22484 | Orc:4    | XOM: divination: detect creatures
 22613 | Orc:4    | XOM: summons friendly crimson imp
 22746 | Orc:4    | Reached skill level 10 in Evocations
 22759 | Orc:4    | Found Hyhisy's Magic Scroll Shop.
 22759 | Orc:4    | Found Miassioq's Jewellery Emporium.
 22768 | Orc:4    | Found Bewuxkupn's Weapon Shop.
 22768 | Orc:4    | Found Caci Ten's Antique Armour Emporium.
 22835 | Orc:4    | Bought a runed hat for 96 gold pieces
 23221 | Orc:4    | XOM: blink monster(s)
 23411 | Orc:1    | XOM: noise
 23559 | D:12     | XOM: god gift: plain deck of cards {god gift}
 23577 | D:12     | XOM: divination: magic mapping
 23613 | D:12     | XOM: give mutations
 23613 | D:12     | Lost mutation: Your flesh is cold resistant. [Xom's mischief]
 23613 | D:12     | Lost mutation: You tend to lose your temper in combat. [Xom's mischief]
 23613 | D:12     | Lost mutation: You are partially covered in icy blue scales (AC +1). [Xom's mischief]
 23613 | D:12     | Lost mutation: Your system is resistant to poisons. [Xom's mischief]
 23644 | D:12     | XOM: 1-stop teleportation journey
 24048 | D:12     | XOM: mild Pois miscast
 24194 | D:13     | Noticed Sonja
 24224 | D:13     | Killed Sonja
 24274 | D:13     | XOM: confuse monster(s)
 24332 | D:13     | Noticed Erolcha
 24338 | D:13     | Killed Erolcha
 24678 | D:13     | XOM: colour smoke trail
 24694 | D:13     | Found a roughly hewn altar of Beogh.
 24767 | D:13     | Reached skill level 13 in Unarmed Combat
 24798 | D:13     | XOM: harmless Ice miscast
 25041 | D:14     | XOM: give mutations
 25041 | D:14     | Gained mutation: You are clumsy. (Dex -2) [Xom's mischief]
 25041 | D:14     | Gained mutation: You occasionally shout uncontrollably at your foes. [Xom's mischief]
 25041 | D:14     | Lost mutation: You are clumsy. (Dex -2) [Xom's mischief]
 25196 | D:14     | Found a gate to the Vaults.
 25341 | D:14     | XOM: noise
 25462 | D:14     | XOM: give mutations
 25462 | D:14     | Gained mutation: You are partially covered in thin metallic scales (AC +2). [Xom's grace]
 25462 | D:14     | Gained mutation: You are resistant to electric shocks. [Xom's grace]
 25462 | D:14     | Gained mutation: Your mind is acute. (Int +2) [Xom's grace]
 25462 | D:14     | Gained mutation: You can spit poison. [Xom's grace]
 25472 | D:14     | XOM: give mutations
 25472 | D:14     | Gained mutation: You are robust (+10% HP). [Xom's grace]
 25472 | D:14     | Gained mutation: Your mind is very acute. (Int +4) [Xom's grace]
 25601 | D:14     | Reached skill level 10 in Throwing
 25909 | D:14     | XOM: medium Necr miscast
 25950 | D:15     | Entered Level 15 of the Dungeon
 25950 | D:15     | XOM: polymorph cyclops -> mana viper
 25951 | D:15     | XOM: cast spell 'Confusing Touch'
 25952 | D:15     | Found an ancient bone altar of Kikubaaqudgha.
 25967 | D:15     | XOM: god gift: 35 gold pieces
 25990 | D:15     | XOM: summons friendly white imp
 26074 | D:15     | XOM: 3-stop teleportation journey
 26172 | D:15     | Reached skill level 14 in Unarmed Combat
 26243 | D:15     | XOM: god gift: dyed animal skin {god gift}
 26250 | D:15     | XOM: confuse monster(s)
 26256 | D:15     | XOM: summons friendly ufetubus
 26271 | D:15     | XOM: enchant monster (good)
 26464 | D:15     | XOM: divination: detect items
 26501 | D:14     | XOM: polymorph white ugly thing -> wolf spider
 26517 | D:14     | XOM: noise
 26841 | D:15     | Found a shimmering altar of Xom.
 26852 | D:15     | XOM: blink monster(s)
 26860 | D:15     | Reached XP level 16. HP: 131/178 MP: 23/25
 26880 | D:15     | XOM: potion effect (agility)
 27050 | D:15     | XOM: enchant monster (bad)
 27052 | D:15     | XOM: potion effect (invisibility)
 27145 | D:15     | XOM: silly message
 27231 | D:15     | Found a staircase to the Depths.
 27231 | D:15     | XOM: butterfly on damage
 27372 | D:15     | XOM: divination: detect creatures
 27423 | D:15     | XOM: confusion
 27434 | D:15     | Reached skill level 15 in Unarmed Combat
 27644 | D:15     | XOM: silly message
 27692 | D:15     | XOM: colour smoke trail
 27749 | D:15     | XOM: summons friendly crimson imp
 27818 | D:15     | Upgraded the game from 0.17-a0-18-gc25b939 to 0.17-a0-72-gd614ac0
 27937 | D:12     | XOM: colour smoke trail
 28079 | Spider:1 | Entered Level 1 of the Spider Nest
 28105 | Spider:1 | Noticed Maud
 28116 | Spider:1 | Killed Maud
 28217 | Spider:1 | Got a crude cloak
 28228 | Spider:1 | Identified the +2 cloak of Relativism {Dex-2 Slay+4} (You found it on level 1 of the Spider Nest)
 28313 | Spider:1 | XOM: harmless Chrm miscast
 28401 | Spider:1 | Noticed Azrael
 28405 | Spider:1 | XOM: noise
 28418 | Spider:1 | Killed Azrael
 28500 | Lair:2   | XOM: cast spell 'Beastly Appendage'
 28886 | Spider:2 | XOM: summons 14 friendly demons
 29044 | Spider:2 | Noticed braks' ghost (mighty OgWz)
 29059 | Spider:2 | XOM: summons 5 friendly demons
 29063 | Spider:2 | Killed braks' ghost
 29301 | Spider:2 | XOM: cast spell 'Cause Fear'
 29557 | Spider:2 | XOM: 1-stop teleportation journey
 29658 | Spider:2 | XOM: potion effect (agility)
 29663 | Spider:2 | XOM: potion effect (might)
 29722 | Spider:2 | XOM: mild Pois miscast
 29944 | Spider:2 | XOM: colour smoke trail
 29994 | Spider:2 | XOM: mild Fire miscast
 30011 | Spider:2 | XOM: potion effect (brilliance)
 30070 | Spider:3 | Noticed Wiglaf
 30091 | Spider:3 | Killed Wiglaf
 30907 | Spider:3 | XOM: harmless Chrm miscast
 31114 | Lair:2   | XOM: vitrification
 31256 | Orc:4    | Bought an uncursed ring of poison resistance for 220 gold pieces
 31256 | Orc:4    | Bought an uncursed ring of protection from fire for 275 gold pieces
 31256 | Orc:4    | Bought an uncursed ring of teleport control for 550 gold pieces
 31535 | Spider:4 | XOM: cast spell 'Confusing Touch'
 31572 | Spider:4 | XOM: colour smoke trail
 31658 | Spider:4 | XOM: cast spell 'Confusing Touch'
 31785 | Spider:4 | XOM: confuse monster(s)
 32015 | Spider:4 | XOM: mild Tloc miscast
 32131 | Spider:4 | XOM: divination: detect items
 32160 | Spider:4 | XOM: divination: magic mapping
 32294 | Spider:4 | XOM: medium Ice miscast
 32548 | Spider:5 | Entered Level 5 of the Spider Nest
 32583 | Spider:5 | Reached XP level 17. HP: 186/194 MP: 26/26
 32620 | Spider:5 | Noticed Arachne
 32624 | Spider:5 | Killed Arachne
 32653 | Spider:5 | XOM: divination: detect creatures
 32657 | Spider:5 | XOM: confuse monster(s)
 32689 | Spider:5 | XOM: potion effect (agility)
 32847 | Spider:5 | XOM: swap monsters
 32924 | Spider:5 | XOM: god gift: lamp of fire
 32945 | Spider:5 | XOM: vitrification
 33145 | Spider:5 | XOM: summons friendly rust devil
 33152 | Spider:5 | XOM: divine lightning
 33186 | Spider:5 | XOM: confuse monster(s)
 33408 | Spider:5 | Got a gossamer rune of Zot
 33439 | Spider:5 | XOM: confuse monster(s)
 33750 | Spider:5 | XOM: summons friendly iron imp
 33759 | Spider:5 | XOM: confuse monster(s)
 33782 | Spider:5 | XOM: god gift: glowing short sword {god gift}
 33818 | Spider:5 | XOM: vitrification
 33885 | Spider:1 | XOM: fake destruction
 33934 | Lair:3   | Upgraded the game from 0.17-a0-72-gd614ac0 to 0.17-a0-77-gee7a2f2
 34001 | Lair:1   | XOM: noise
 34021 | Lair:1   | XOM: god gift: meat ration
 34181 | Shoals:1 | Entered Level 1 of the Shoals
 34249 | Shoals:1 | Noticed Urug
 34263 | Shoals:1 | XOM: smoke on damage
 34270 | Shoals:1 | Killed Urug
 34299 | Shoals:1 | XOM: cast spell 'Ice Form'
 34513 | Shoals:1 | XOM: enchant monster (good)
 34747 | Shoals:1 | XOM: summons 6 friendly demons
 34788 | Shoals:1 | XOM: polymorph merfolk avatar -> alligator
 34792 | Shoals:1 | XOM: blink monster(s)
 35132 | Shoals:2 | XOM: give mutations
 35132 | Shoals:2 | Lost mutation: You can translocate small distances at will. [Xom's mischief]
 35132 | Shoals:2 | Gained mutation: Armour fits poorly on your strangely shaped body. [Xom's mischief]
 35132 | Shoals:2 | Lost mutation: You can spit poison. [Xom's mischief]
 35283 | Shoals:2 | XOM: smoke on damage
 35434 | Shoals:2 | XOM: blink monster(s)
 35817 | Shoals:3 | XOM: chaos cloud
 35831 | Shoals:3 | Paralysed by you for 2 turns
 36115 | Shoals:4 | Noticed Roxanne
 36115 | Shoals:4 | Noticed Jorgrun
 36115 | Shoals:4 | XOM: cast spell 'Discord'
 36158 | Shoals:4 | XOM: harmless Air miscast
 36202 | Shoals:4 | Killed Jorgrun
 36202 | Shoals:4 | Reached XP level 18. HP: 210/212 MP: 27/27
 36213 | Shoals:4 | XOM: divination: detect items
 36359 | Shoals:4 | Identified Iskenderun's Guide on Arcane Weapons (You found it on level 4 of the Shoals)
 36404 | Shoals:4 | XOM: confuse monster(s)
 36570 | Shoals:4 | Killed Roxanne
 36599 | Shoals:4 | XOM: silly message
 36771 | Shoals:5 | Entered Level 5 of the Shoals
 36805 | Shoals:5 | Noticed Ilsuiw
 36820 | Shoals:5 | Killed Ilsuiw
 36832 | Shoals:5 | XOM: 1-stop teleportation journey
 36852 | Shoals:5 | XOM: polymorph merfolk impaler -> wolf spider
 37109 | Shoals:5 | Gained mutation: You have hoof-like feet. [potion of beneficial mutation]
 37132 | Shoals:5 | XOM: potion effect (haste)
 37133 | Shoals:5 | XOM: enchant monster (good)
 37386 | Shoals:5 | XOM: 1-stop teleportation journey
 37404 | Shoals:5 | XOM: potion effect (heal wounds)
 37429 | Shoals:5 | HP: 6/213 [merfolk javelineer/javelin (16)]
 37791 | Shoals:5 | XOM: fake destruction
 37837 | Shoals:5 | XOM: summons friendly quasit
 38135 | Shoals:5 | XOM: smoke on damage
 38136 | Shoals:5 | XOM: potion effect (brilliance)
 38404 | Shoals:5 | Got a barnacled rune of Zot
 38601 | Lair:3   | XOM: god gift: 16 stones
 38620 | Lair:3   | XOM: give mutations
 38620 | Lair:3   | Lost mutation: You are partially covered in rugged brown scales (AC +1, +3% HP). [Xom's mischief]
 38620 | Lair:3   | Lost mutation: You have hoof-like feet. [Xom's mischief]
 38859 | Vaults:1 | Entered Level 1 of the Vaults
 38958 | Vaults:1 | XOM: mild Trmt miscast
 38960 | Vaults:1 | XOM: blink monster(s)
 38964 | Vaults:1 | HP: 7/210 [spriggan defender/lajatang of speed (44)]
 38971 | Vaults:1 | Demolished by a spriggan defender

Action                   |  1- 3 |  4- 6 |  7- 9 | 10-12 | 13-15 | 16-18 || total
-------------------------+-------+-------+-------+-------+-------+-------++-------
Melee: Unarmed           |   118 |   248 |   338 |   684 |  1852 |  1161 ||  4401
       Whip              |       |       |       |    31 |       |       ||    31
 Fire: Blowgun           |       |       |       |       |       |    28 ||    28
Throw: Tomahawk          |       |       |     5 |    28 |     3 |       ||    36
       Large rock        |       |       |     3 |     4 |     5 |    48 ||    60
       Throwing net      |       |       |       |     1 |     1 |       ||     2
       Javelin           |       |       |       |       |     9 |       ||     9
 Cast: Repel Missiles    |     1 |       |     1 |     1 |     1 |     1 ||     5
Evoke: Rod               |       |       |       |    11 |    38 |    23 ||    72
       Wand              |       |       |       |     3 |       |     5 ||     8
       Deck              |       |       |       |       |     4 |     7 ||    11
       Sack of spiders   |       |       |       |       |       |     2 ||     2
       Fan of gales      |       |       |       |       |       |     2 ||     2
       Lamp of fire      |       |       |       |       |       |     1 ||     1
  Use: Scroll            |     8 |     8 |     8 |    12 |     9 |    13 ||    58
       Potion            |     1 |       |     4 |     9 |     5 |    12 ||    31
 Stab: Paralysed         |       |     2 |       |       |       |     2 ||     4
       Confused          |       |       |       |     3 |     4 |     3 ||    10
       Invisible         |       |       |       |     1 |     2 |     2 ||     5
       Sleeping          |       |       |       |       |     1 |     1 ||     2
  Eat: Chunk             |    11 |    32 |    28 |    44 |   153 |   101 ||   369
       Pizza             |       |     1 |       |     1 |       |     6 ||     8
       Royal jelly       |       |       |       |       |     2 |     5 ||     7
